 Dungeon Crawl Stone Soup version 0.22.1-1-ga44c0e5 (webtiles) character file.

43 Doni34 the Firebug (level 3, -2/19 HPs)
             Began as a Tengu Fire Elementalist on Oct 6, 2018.
             Was an Initiate of Nemelex Xobeh.
             Slain by a gnoll
             ... wielding a +0 spear
              (5 damage)
             ... on level 3 of the Dungeon.
             The game lasted 00:17:23 (2513 turns).

Doni34 the Firebug (Tengu Fire Elementalist)        Turns: 2513, Time: 00:17:24

Health: -2/19      AC:  3    Str:  6 (8)  XL:     3   Next: 58%
Magic:  7/7        EV: 12    Int: 15 (16) God:    Nemelex Xobeh [......]
Gold:   101        SH:  0    Dex: 12 (14) Spells: 3/6 levels left

rFire    . . .     SeeInvis .   b - +0 short sword
rCold    . . .     Gourm    .   (no shield)
rNeg     . . .     Faith    .   d - +1 robe
rPois    .         Spirit   .   (helmet restricted)
rElec    .         Reflect  .   (no cloak)
rCorr    .         Harm     .   (no gloves)
MR       .....                  (boots unavailable)
Stlth    ++........             (no amulet)
HPRegen  0.06/turn              (no ring)
MPRegen  0.10/turn              (no ring)

@: no status effects
A: beak, talons 3
a: Renounce Religion


You were on level 3 of the Dungeon.
You worshipped Nemelex Xobeh.
Nemelex Xobeh was noncommittal.
You were not hungry.

You visited 1 branch of the dungeon, and saw 3 of its levels.

You collected 101 gold pieces.

Inventory:

Hand Weapons
 b - a +0 short sword (weapon)
Armour
 a - a +0 robe
 d - a +1 robe (worn)
Scrolls
 f - a scroll of blinking {unknown}
 h - a scroll of teleportation {unknown}
Potions
 e - a potion of curing {unknown}
 i - a potion of brilliance {unknown}
Comestibles
 c - 6 rations


   Skills:
 + Level 0.1 Fighting
 + Level 1.1 Short Blades
 + Level 2.5 Dodging
 + Level 2.3 Stealth
 + Level 2.3 Spellcasting
 + Level 1.8 Conjurations
 + Level 3.7 Fire Magic


You had 3 spell levels left.
You knew the following spells:

 Your Spells              Type           Power        Failure   Level  Hunger
a - Flame Tongue          Conj/Fire      ##...        7%          1    #......
b - Throw Flame           Conj/Fire      ##....       11%         2    ###....

Your spell library contained the following spells:

 Spells                   Type           Power        Failure   Level  Hunger
 Conjure Flame            Conj/Fire      ##......     21%         3    ###....
 Inner Flame              Hex/Fire       #.......     30%         3    ###....
 Sticky Flame             Conj/Fire      ##......     56%         4    #####..
 Fireball                 Conj/Fire      ##........   88%         5    ######.


Dungeon Overview and Level Annotations

Branches:
Dungeon (3/15)

Altars:
Nemelex Xobeh
Uskayaw


Innate Abilities, Weirdness & Mutations

You have a beak for a mouth.
You have claws for feet.


Message History

Aiming: Flame Tongue (safe; 7% risk of failure)
Press: ? - help, Shift-Dir - straight line, f - hobgoblin
Aim: a hobgoblin, wielding a club (moderately wounded)
The flame tongue hits the hobgoblin.
You kill the hobgoblin!
Things that are here:
a club; a hobgoblin corpse
Found a hunting sling.
You see here a hunting sling.
A gnoll comes into view.
A gnoll comes into view. It is wielding a spear.
The gnoll shouts! x2 2 gnolls come into view.
The gnoll hits you from afar with a spear!
Ouch! That really hurt!
* * * LOW HITPOINT WARNING * * *
The gnoll completely misses you.
The gnoll hits you from afar with a spear.
You die...
Your body disappears without a glow.

#.......# ###
#)####.## #.#
#.#.##.# #g.
#.#....#
#g#####.#.####
#g#.....#.#
#g#.#####.#
#.#.#.....#
#@#.#.#####
#######.#.#.#
#....<#.#.#.#
#####'#####.#.#.#
#.........#.#)#.#
#.........#.#.#.#
#.........#.#.#.#
#.........#.#.#.###
#..(......#.#.#...#


You could see 4 gnolls.

Vanquished Creatures
  An ooze (D:1)
  A dart slug (D:1)
  A leopard gecko (D:1)
  A giant cockroach (D:1)
  2 goblins (D:1)
  4 hobgoblins
  8 jackals
  4 kobolds
  5 bats
  3 frilled lizards (D:1)
  2 rats
32 creatures vanquished.

Notes
Turn   | Place    | Note
-------+----------+-------------------------------------------
     0 | D:1      | Doni34 the Tengu Fire Elementalist began the quest for the
                  | Orb.
     0 | D:1      | Reached XP level 1. HP: 10/10 MP: 4/4
   377 | D:1      | Reached XP level 2. HP: 8/15 MP: 6/6
   381 | D:1      | Learned a level 2 spell: Throw Flame
   746 | D:1      | Reached XP level 3. HP: 9/19 MP: 7/7
  1744 | D:2      | Found a sparkling altar of Nemelex Xobeh.
  1754 | D:2      | Became a worshipper of Nemelex Xobeh the Trickster
  1812 | D:2      | Reached skill level 1 in Short Blades
  2119 | D:2      | Found a hide-covered altar of Uskayaw.
  2513 | D:3      | Slain by a gnoll

Skill      XL: |  1  2  3 |
---------------+----------+-----
Short Blades   | 1 |  1.1
Fighting       | |  0.1
Dodging        | |  2.5
Stealth        | |  2.3
Spellcasting   | |  2.3
Conjurations   | |  1.8
Fire Magic     | |  3.7

Action                   || total
-------------------------++-------
Melee: Short sword       ||    81
       Kick              ||     7
       Peck              ||     5
 Cast: Flame Tongue      ||    11
       Throw Flame       ||    10
  Use: Scroll            ||     3
       Potion            ||     3
 Stab: Sleeping          ||     1
  Eat: Ration            ||     2
Armor: Robe              ||    24
       Skin              ||    33
Dodge: Dodged            ||    88
